Map: Frozen Temple

Players

MrMiyagi

  • Race: Protoss Protoss
  • League: Platinum

blackxored - Winner!

  • Race: Zerg Zerg
  • League: Diamond

VOD

Have the link to the VOD?

Description

Time

  • Played on: June 30, 2016, 11:56 a.m.
  • Length: 12:59
Show
View Real Time Build Order
Export as new Build Order

MrMiyagi Protoss 

Build Orders: Nexus First 

Get SALT Encoding   

  12  0:01  Probe (Chrono Boost)  
  13  0:11  Probe (Chrono Boost)  
  14  0:20  Pylon  
  14  0:23  Probe (Chrono Boost)  
  15  0:38  Probe (Chrono Boost)  
  16  0:48  Probe (Chrono Boost)  
  17  0:59  Probe (Chrono Boost)  
  18  1:05  Nexus  
  18  1:10  Probe (Chrono Boost)  
  19  1:20  Gateway  
  19  1:30  Assimilator  
  19  1:31  Assimilator  
  20  1:32  Probe (Chrono Boost)  
  20  1:54  Probe (Chrono Boost)  
  20  1:59  Gateway  
  21  2:08  Cybernetics Core  
  21  2:21  Probe x2 (Chrono Boost)  
  23  2:34  Probe (Chrono Boost)  
  24  2:40  Probe (Chrono Boost)  
  24  2:41  Warp Gate (Chrono Boost)  
  24  2:42  Stalker (Chrono Boost)  
  29  2:51  Pylon, Mothership Core  
  29  2:54  Probe  
  29  2:58  Pylon  
  30  3:03  Adept  
  32  3:10  Twilight Council  
  32  3:12  Probe x2 (Chrono Boost)  
  34  3:20  Pylon  
  34  3:29  Probe x2 (Chrono Boost)  
  36  3:37  Robotics Facility  
  36  3:40  Probe (Chrono Boost)  
  37  3:45  Resonating Glaives (Chrono Boost)  
  38  4:03  Gateway  
  38  4:07  Gateway  
  38  4:09  Gateway  
  36  4:12  Gateway  
  36  4:19  Gateway  
  36  4:31  Warp Prism (Chrono Boost)  
  38  4:41  Adept x2  
  42  5:12  Adept x2, Immortal (Chrono Boost)  
  42  5:13  Adept x3  
  50  5:20  Adept  
  50  5:30  Stalker  
  52  5:37  Pylon  
  52  5:39  Probe x2  
  52  5:41  Pylon  
  54  5:43  Assimilator  
  54  5:44  Assimilator  
  54  5:49  Blink  
  54  5:55  Probe  
  51  5:57  Adept x4  
  51  6:10  Stalker  
  53  6:13  Probe x2  
  55  6:25  Probe x2  
  57  6:31  Stalker x2  
  61  6:37  Probe x2  
  61  6:38  Observer (Chrono Boost)  
  64  6:44  Adept  
  66  7:06  Adept x2  
  60  7:17  Probe x2  
  60  7:20  Adept  
  60  7:21  Adept x4  
  70  7:31  Probe x2  
  66  7:43  Probe  
  67  7:44  Probe  
  68  7:55  Probe  
  68  8:07  Nexus  
  68  8:11  Pylon x2  
  68  8:15  Dark Shrine  
  68  8:19  Probe x2  
  70  8:27  Forge  
  70  8:31  Probe x2  
  72  8:48  Sentry  
  72  8:49  Sentry x5  
  72  8:50  Sentry  
  86  8:59  Templar Archives  
  86  9:03  Pylon  
  86  9:05  Pylon  
  86  9:11  Protoss Ground Armor Level 1  
  86  9:19  Probe x2  
  86  9:20  Immortal (Chrono Boost)  
  85  9:33  Stalker x5  
  85  9:38  Probe x2  
  89  9:58  Probe  
  90  10:00  Psionic Storm  
  90  10:01  Probe  
  90  10:02  Probe  
  92  10:14  Photon Cannon  
  92  10:19  Probe x2  
  94  10:21  Probe  
  93  10:58  Adept  
  93  10:59  Adept  
  93  11:01  Dark Templar x3  
  93  11:02  Dark Templar  
  93  11:03  Zealot  
  107  11:13  Probe  
  107  11:14  Probe x2  
  110  11:22  Pylon  
  110  11:23  Probe  
  110  11:24  Pylon  
  111  11:26  Probe  
  111  11:27  Probe  
  113  11:37  Photon Cannon  
  113  11:38  Probe  
  113  11:39  Probe x2  
  116  11:49  Probe  
  116  11:51  Probe  
  57  12:10  Sentry x4  
  57  12:11  Sentry x3  
  69  12:17  Probe  
  69  12:18  Probe x2  
  75  12:36  Forge  
  44  12:44  Sentry  
  44  12:48  Zealot x2  
Show
View Real Time Build Order
Export as new Build Order

blackxored Zerg - Winner!

Build Orders: Hatch First 

Get SALT Encoding   

  12  0:01  Drone  
  13  0:08  Drone  
  14  0:17  Overlord  
  14  0:22  Extractor  
  14  0:23  Drone  
  15  0:36  Drone  
  15  0:38  Drone  
  17  0:59  Drone  
  17  1:00  Drone  
  17  1:02  Hatchery  
  18  1:11  Drone  
  19  1:14  Extractor  
  19  1:17  Spawning Pool  
  17  1:20  Drone  
  18  1:27  Overlord  
  18  1:38  Drone  
  19  1:48  Drone  
  20  2:00  Hatchery  
  19  2:05  Queen  
  19  2:06  Zergling x2  
  22  2:14  Zergling x2  
  23  2:17  Metabolic Boost  
  23  2:27  Queen  
  25  2:31  Overlord  
  25  2:43  Drone x3  
  28  2:52  Drone x2  
  30  3:04  Drone  
  30  3:05  Drone x2  
  33  3:08  Queen  
  33  3:12  Overlord  
  35  3:17  Pneumatized Carapace  
  35  3:21  Drone  
  35  3:22  Drone  
  37  3:29  Zergling x6  
  40  3:34  Zergling x4  
  40  3:38  Drone x2  
  43  3:58  Drone x4  
  43  3:59  Drone x6  
  43  4:02  Overlord  
  53  4:23  Drone x3  
  56  4:24  Extractor  
  56  4:27  Drone x2, Evolution Chamber  
  56  4:28  Baneling Nest  
  55  4:32  Drone x6  
  61  4:41  Overlord x3  
  61  4:45  Lair  
  61  4:47  Zergling x4  
  61  4:48  Zergling x2  
  61  4:49  Zergling x2  
  65  4:54  Zerg Melee Weapons Level 1  
  64  5:07  Zergling x2  
  64  5:08  Zergling x18  
  64  5:13  Zergling x2  
  73  5:23  Drone x2  
  76  5:28  Drone x2  
  76  5:29  Drone x4  
  76  5:30  Zergling x4  
  76  5:35  Zergling x6  
  86  5:41  Zergling x6  
  89  5:45  Hatchery  
  88  5:51  Zergling x2  
  88  5:52  Zergling x2  
  87  5:57  Zergling x6  
  87  5:58  Zergling x2  
  88  6:04  Zergling x4  
  88  6:07  Baneling  
  88  6:08  Overlord, Baneling x2  
  88  6:11  Overlord x2  
  88  6:19  Evolution Chamber  
  88  6:23  Baneling x4  
  87  6:32  Baneling  
  87  6:33  Baneling x10  
  87  6:34  Zergling x8  
  87  6:35  Zergling x14  
  98  6:40  Extractor, Drone  
  98  6:41  Extractor  
  97  6:48  Zerg Ground Armor Level 1  
  97  6:56  Zergling x16  
  104  7:01  Baneling x6  
  104  7:08  Extractor, Drone x4  
  105  7:09  Extractor, Drone  
  105  7:12  Drone  
  105  7:23  Overseer  
  105  7:24  Zergling x2  
  105  7:25  Zergling x18  
  112  7:32  Drone x3  
  112  7:36  Drone  
  116  7:37  Drone  
  117  7:46  Drone x3  
  117  7:50  Overlord x4  
  120  7:52  Centrifical Hooks  
  120  7:54  Overlord  
  120  7:56  Drone  
  120  8:05  Overlord x3  
  120  8:07  Baneling x2  
  120  8:08  Baneling  
  120  8:18  Zergling x18  
  120  8:19  Zergling x2  
  130  8:33  Baneling  
  130  8:34  Baneling x3  
  130  8:44  Zergling x2  
  130  8:45  Zergling x24  
  124  9:42  Zergling x12  
  124  9:43  Zergling x24  
  141  9:47  Zerg Ground Armor Level 2, Zerg Melee Weapons Level 2  
  141  9:48  Infestation Pit  
  140  9:53  Drone x3  
  143  10:07  Drone x6  
  143  10:08  Spire  
  143  10:13  Zergling x2  
  149  10:15  Baneling x15  
  149  10:16  Baneling x2  
  149  10:19  Zergling x12  
  155  10:24  Drone x6  
  155  10:25  Hatchery  
  155  10:26  Overseer  
  160  10:30  Extractor x2  
  148  10:42  Zergling x2  
  148  10:43  Zergling x12  
  148  10:47  Baneling  
  148  10:48  Baneling x6  
  142  11:17  Baneling  
  142  11:38  Hive  
  142  11:41  Zergling x38  
  155  12:00  Zergling x14  
  132  12:08  Queen  
  126  12:11  Zergling x8  
  126  12:12  Zergling x16  
  138  12:18  Drone x3  
  140  12:36  Zergling x2  
  140  12:37  Zergling x16  
  141  12:42  Zergling x2  
Tags
 
Add a new tag
Caveats
  • Supply blocks, unpowered buildings, or Contaminate may cause inaccurate times.
  • Supply counts are checked every 10 seconds.